 Dungeon Crawl Stone Soup version 0.29-a0-330-g52719c12eb (webtiles) character file.

Game seed: 15308954413653457164

50383 Flugslaktarn the Martial Artist (level 14, -21/113 HPs)
             Began as a Human Venom Mage on Apr 12, 2022.
             Was a High Priest of Sif Muna.
             Demolished by an alligator snapping turtle (35 damage)
             ... on level 3 of the Shoals on Apr 13, 2022.
             The game lasted 00:57:58 (8221 turns).

Flugslaktarn the Martial Artist (Human Venom Mage)  Turns: 8221, Time: 00:57:58

Health: -21/113    AC:  9    Str:  8    XL:     14   Next: 97%
Magic:  10/26      EV: 16    Int: 26    God:    Sif Muna [*****.]
Gold:   677        SH:  0    Dex: 15    Spells: 12/29 levels left

rFire   . . .      SeeInvis .   R - staff of poison
rCold   . . .      Faith    .   (no shield)
rNeg    . . .      Spirit   .   U - +0 troll leather armour
rPois   +          Reflect  .   c - +0 helmet
rElec   .          Harm     .   (no cloak)
rCorr   .          Rampage  .   (no gloves)
Will    +....                   (no boots)
Stlth   ++........              k - amulet of magic regeneration
HPRegen 1.08/turn               N - +4 ring of protection
MPRegen 0.60/turn               G - +6 ring of intelligence

@: channelling, very slightly contaminated
A: no striking features
a: Renounce Religion, Channel Magic, Forget Spell, Divine Exegesis


You were on level 3 of the Shoals.
You worshipped Sif Muna.
Sif Muna was extremely pleased with you.
You visited 5 branches of the dungeon, and saw 23 of its levels.
You also visited: Sewer.

You collected 1466 gold pieces.
You spent 789 gold pieces at shops.

Inventory:

Hand Weapons
 y - the +5 spear "Ehinayth" {freeze, rC++ rN++ Stlth+}
   (You found it on level 4 of the Dungeon)

   It freezes those it strikes, dealing additional cold damage.
   It can also slow down cold-blooded creatures.
   rC:        It greatly protects you from cold.
   rN:        It greatly protects you from negative energy.
   Stlth:     It makes you more stealthy.
Missiles
 o - a throwing net
 J - 4 curare-tipped darts (quivered)
Armour
 c - a +0 helmet (worn)
   (You took it off Robin on level 2 of the Dungeon)
 T - a +0 kite shield
   (You took it off Donald on level 2 of the Orcish Mines)
 U - a +0 troll leather armour (worn)
   (You found it on level 11 of the Dungeon)
Magical Staves
 F - a staff of earth
   (You took it off an orc on level 7 of the Dungeon)
 M - a staff of fire
   (You found it on level 9 of the Dungeon)
 R - a staff of poison (weapon)
   (You found it on level 11 of the Dungeon)
Jewellery
 g - a ring of ice
   (You found it on level 2 of the Dungeon)
 i - a ring of see invisible
   (You found it on level 3 of the Lair of Beasts)
 k - an amulet of magic regeneration (around neck)
   (You found it on level 3 of the Dungeon)
 m - a ring of willpower
   (You took it off a kobold on level 6 of the Dungeon)
 p - a +4 ring of protection
   (You found it on level 5 of the Dungeon)
 r - an amulet of regeneration
   (You found it on level 3 of the Lair of Beasts)
 B - a ring of resist corrosion
   (You found it on level 4 of the Dungeon)
 G - a +6 ring of intelligence (right hand)
   (You found it on level 1 of the Shoals)
 N - a +4 ring of protection (left hand)
   (You found it on level 12 of the Dungeon)
 S - a ring of fire
   (You found it on level 9 of the Dungeon)
Wands
 E - a wand of digging (4)
   (You found it on level 1 of the Shoals)
 Q - a wand of paralysis (5)
   (You found it on level 10 of the Dungeon)
 X - a wand of flame (1)
   (You took it off Sonja on level 4 of the Lair of Beasts)
Scrolls
 a - a scroll of enchant armour
 e - a scroll of fog
 f - 2 scrolls of summoning
 t - 2 scrolls of teleportation
 x - a scroll of holy word
 A - 2 scrolls of magic mapping
 D - 2 scrolls of enchant weapon
 I - a scroll of vulnerability
 K - a scroll of fear
 O - a scroll of silence {unknown}
 W - a scroll of torment {unknown}
 Y - 2 scrolls of immolation
Potions
 b - 2 potions of magic
 d - 2 potions of might
 h - 2 potions of haste
 j - a potion of lignification
 n - a potion of resistance
 q - a potion of curing
 s - 2 potions of invisibility
 u - 2 potions of cancellation
 w - a potion of heal wounds
 C - 3 potions of brilliance
 H - 4 potions of flight
 L - a potion of experience {unknown}
 P - a potion of berserk rage
 V - a potion of mutation
 Z - a potion of attraction {unknown}
Miscellaneous
 l - a tin of tremorstones (2/2)
   (You found it on level 1 of the Shoals)


   Skills:
 - Level 11.0 Fighting
 - Level 4.0 Polearms
 - Level 11.0 Dodging
 - Level 2.0 Stealth
 + Level 12.2 Unarmed Combat
 - Level 8.0 Spellcasting
 - Level 1.0 Conjurations
 - Level 5.8 Summonings
 - Level 8.0 Transmutations
 - Level 1.0 Fire Magic
 - Level 2.0 Air Magic
 - Level 7.0 Poison Magic
 - Level 6.0 Invocations


You had 12 spell levels left.
You knew the following spells:

 Your Spells              Type           Power      Damage    Failure   Level
b - Poisonous Vapours     Pois/Air       100%       N/A       1%          2
c - Mephitic Cloud        Conj/Pois/Air  41%        N/A       6%          3
d - Olgreb's Toxic Radia  Pois           63%        N/A       4%          4
e - Ignite Poison         Fire/Tmut/Pois 54%        N/A       2%          3
f - Blade Hands           Tmut           25%        N/A       9%          5

Your spell library contained the following spells:

 Spells                   Type           Power      Damage    Failure   Level
 Sting                    Tmut/Pois      100%       1d8       1%          1
 Call Imp                 Summ           40%        N/A       1%          2
 Spider Form              Tmut/Pois      65%        N/A       1%          3
 Passwall                 Tmut/Erth      25%        N/A       2%          2
 Call Canine Familiar     Summ           40%        N/A       2%          3
 Pain                     Necr           40%        1d6       9%          1
 Ensorcelled Hibernation  Hex/Ice        20%        N/A       12%         2
 Ice Form                 Ice/Tmut       31%        N/A       16%         4
 Summon Lightning Spire   Summ/Air       30%        N/A       17%         4
 Dazzling Flash           Conj/Hex       26%        N/A       21%         3
 Stone Arrow              Conj/Erth      26%        3d8       21%         3
 Frozen Ramparts          Ice            20%        1d4       24%         3
 Gell's Gravitas          Tloc           10%        N/A       24%         3
 Lesser Beckoning         Tloc           10%        N/A       24%         3
 Ozocubu's Armour         Ice            10%        N/A       24%         3
 Portal Projectile        Hex/Tloc       20%        N/A       24%         3
 Teleport Other           Tloc           10%        N/A       24%         3
 Animate Armour           Summ/Erth      50%        N/A       26%         4
 Irradiate                Conj/Tmut      16%        3d18      34%         5
 Yara's Violent Unravell  Hex/Tmut       15%        3d8       41%         5
 Eringya's Noxious Bog    Tmut/Pois      32%        N/A       50%         6
 Iskenderun's Mystic Bla  Conj/Tloc      13%        2d5       54%         4
 Animate Dead             Necr           5%         N/A       63%         4
 Leda's Liquefaction      Hex/Erth       5%         N/A       63%         4
 Summon Cactus Giant      Summ           20%        N/A       75%         6
 Freezing Cloud           Conj/Ice/Air   7%         6-21      83%         5
 Metabolic Englaciation   Hex/Ice        5%         N/A       92%         5
 Dragon Form              Tmut           25%        N/A       95%         7
 Iron Shot                Conj/Erth      6%         9d2       100%        6
 Starburst                Conj/Fire      7%         6d4       100%        6
 Borgnjor's Revivificati  Necr           5%         N/A       100%        8
 Lehudib's Crystal Spear  Conj/Erth      6%         10d3      100%        8


Dungeon Overview and Level Annotations

Branches:
Dungeon (12/15)            Temple (1/1) D:6            Lair (5/6) D:9
 Shoals (2/4) Lair:4          Orc (2/2) D:12            Elf (0/3) Orc:2
  Sewer (visited)
  Snake: Lair:2-4    Spider: Lair:2-4     Slime: Lair:5-6

Altars:
Cheibriados
Elyvilon
Fedhas
Gozag
Hepliaklqana
Nemelex Xobeh
Okawaru
Qazlal
Ru
Sif Muna
Uskayaw
Vehumet
Xom
Zin
The Shining One
Beogh

Shops:
D:11 !   Orc:2 *!?*(!=*?

Annotations:
D:2 Terence
D:5 2 transporters, 5 runed translucent doors, sanka's ghost, novice GnMo
Shoals:1 3 runed translucent doors, Dacluamp's ghost, adept DsCj
Shoals:3 Mlioglotl


Message History

You are poisoned.
* * * LOW HITPOINT WARNING * * *
You feel sick.
A nearby plant withers and dies.
The sea snake bites you.
* * * LOW HITPOINT WARNING * * *
You are lethally poisoned!
The sea snake poisons you!
You feel better. The sea snake bites you.
The faun hits the plant with a +0 spear!!
The plant begins to die.
Casting: Olgreb's Toxic Radiance (dangerous; 32% risk of failure)
Confirm with . or Enter, or press ? or * to list all spells.
You miscast Olgreb's Toxic Radiance.
Nothing appears to happen.
The sea snake closely misses you.
The faun hits the plant with a +0 spear!
An alligator snapping turtle comes into view.
The faun hits the plant with a +0 spear.
The sea snake bites you!!
* * * LOW HITPOINT WARNING * * *
Unknown command.
The alligator snapping turtle hisses angrily.
You slash the sea snake!
You kill the sea snake!
Sif Muna accepts your kill.
A nearby plant withers and dies.
The faun hits the plant with a +0 spear!
Unknown command.
Your hands revert to their normal proportions.
Your staff of poison unmelds from your body.
The faun hits the plant with a +0 spear!!
Unknown command.
A nearby plant withers and dies.
Casting: Olgreb's Toxic Radiance (dangerous; 4% risk of failure)
Confirm with . or Enter, or press ? or * to list all spells.
You feel a surge of power!
You begin to radiate toxic energy.
The faun is poisoned. x2; The faun unwields a +0 spear.
The faun wields a +0 hunting sling.
The faun shoots a sling bullet.
The sling bullet hits you.
* * * LOW HITPOINT WARNING * * *
Okay, then.
You feel much better.
The faun looks even sicker.
Casting: Olgreb's Toxic Radiance (dangerous; 4% risk of failure)
Confirm with . or Enter, or press ? or * to list all spells.
You feel a surge of power!
Your toxic radiance grows in intensity.
The faun is poisoned.
The faun looks even sicker. x2
Unknown command.
Casting: Olgreb's Toxic Radiance (dangerous; 4% risk of failure)
Confirm with . or Enter, or press ? or * to list all spells.
Aiming: Poisonous Vapours (safe; 1% risk of failure)
Press: ? - help, Dir - move target, f - alligator snapping turtle
Aim: an alligator snapping turtle You feel a surge of power!
Poisonous vapours surround the alligator snapping turtle!
The alligator snapping turtle is poisoned.
The faun looks as sick as possible!
The faun unwields a +0 hunting sling.
The faun wields a +0 spear.
The faun hits you with a +0 spear.
The faun hits you from afar with a +0 spear.
Casting: Poisonous Vapours (safe; 1% risk of failure)
Confirm with . or Enter, or press ? or * to list all spells.
You feel a surge of power!
You ignite the poison in your surroundings!
The faun seems to burn from within!
The faun is heavily wounded.
The faun seems to burn from within!!!!
You kill the faun!
Sif Muna accepts your kill.
The alligator snapping turtle seems to burn from within!!!
The alligator snapping turtle is moderately wounded.
The faun seems to burn from within!!
The faun is heavily wounded.
The alligator snapping turtle is poisoned.
The faun is poisoned. x2; The faun hits you with a +0 spear!
* * * LOW HITPOINT WARNING * * *
The alligator snapping turtle closely misses you.
Unknown command.
Unknown command.
Unknown command.
The faun points at you and mumbles some strange words.
You struggle to resist.
Something hits the plant!!
The plant begins to die.
Casting: Ignite Poison (mildly dangerous; 2% risk of failure)
Confirm with . or Enter, or press ? or * to list all spells.
Aiming: Poisonous Vapours (safe; 1% risk of failure)
Press: ? - help, Dir - move target, f/p - alligator snapping turtle
Aim: an alligator snapping turtle (moderately wounded, poisoned)
You feel a surge of power!
Poisonous vapours surround the alligator snapping turtle!
The alligator snapping turtle looks as sick as possible!
Your toxic aura wanes.
The alligator snapping turtle bites you from afar!!
* * * LOW HITPOINT WARNING * * *
The faun closely misses you.
Something hits the plant!
Casting: Poisonous Vapours (safe; 1% risk of failure)
Confirm with . or Enter, or press ? or * to list all spells.
Aiming: Poisonous Vapours (safe; 1% risk of failure)
Press: ? - help, Dir - move target, f/p - alligator snapping turtle
Aim: an alligator snapping turtle (moderately wounded, extremely poisoned)
You feel a surge of power!
Poisonous vapours surround the alligator snapping turtle!
The alligator snapping turtle looks as sick as possible!
The alligator snapping turtle bites you from afar!!
You die...

≈≈ .≈≈≈≈≈≈ ...
..≈≈≈≈≈ ...#
####..≈≈≈≈≈
#.P.##.....≈≈≈.≈
#.......!≈≈≈≈.≈
P....P...≈≈≈≈≈≈
#Pt).≈≈≈≈≈≈≈
#c.≈≈P..≈≈
#@PP≈≈≈≈≈≈
##P≈≈P≈≈≈≈
≈≈≈PP≈≈≈≈
≈≈≈≈≈≈≈≈≈
≈≈≈≈≈≈≈≈≈≈
≈≈≈≈≈≈≈≈≈≈
≈≈≈≈≈≈≈≈≈≈≈
≈≈≈≈≈≈≈


You could see an alligator snapping turtle (extremely poisoned) and a faun
(poisoned).

Vanquished Creatures
  Donald (Orc:2)
  A merfolk impaler (Shoals:1)
  4 hydras
  2 boulder beetles
  2 centaur warriors
  2 merfolk avatars
  4 two-headed ogres
  2 catoblepae
  5 death yaks (Lair:5)
  A satyr (Shoals:3)
  4 orc high priests (Orc:2)
  Sonja (Lair:4)
  Amaemon (Lair:3)
  A sea snake (Shoals:3)
  2 deep elf pyromancers (D:9)
  11 fauns
  5 orc knights (Orc:2)
  3 manticores
  A cyclops (D:12)
  5 orc sorcerers (Orc:2)
  A black mamba (Lair:1)
  5 merfolk sirens (Shoals:1)
  4 water nymphs (Shoals:1)
  An unseen horror (D:11)
  An orange demon (Lair:3)
  A kobold demonologist (D:11)
  3 cane toads
  A rime drake (Lair:3)
  4 komodo dragons
  4 trolls
  A burning bush (Lair:2)
  4 merfolk (Shoals:1)
  A polar bear (Lair:3)
  3 wind drakes
  3 hornets
  Sigmund (D:7)
  A shadow (D:9)
  2 basilisks (Lair:1)
  3 water elementals (Shoals:1)
  Grum (D:8)
  14 yaks
  A steam dragon (D:10)
  3 vampire mosquitoes
  2 wargs (Orc:1)
  An acid dragon (D:11)
  6 water moccasins
  Pargi (Sewer)
  A sky beast (D:8)
  21 orc warriors
  A black bear (D:5)
  3 wolves (D:8)
  4 ogres
  7 centaurs
  A phantom (D:6)
  5 kobold brigands
  2 gnoll sergeants (D:11)
  4 scorpions
  8 bullfrogs
  A necrophage (D:7)
  9 killer bees
  An electric eel (Lair:2)
  8 howler monkeys
  A jelly (D:5)
  3 hounds
  17 orc priests
  6 iguanas
  A hell rat (Lair:1)
  14 orc wizards
  Robin (D:2)
  14 gnolls
  4 adders
  7 river rats (Lair:1)
  A shadow imp (D:6)
  An ufetubus (D:3)
  2 worms
  2 dart slugs
  54 orcs
  6 endoplasms
  2 giant cockroaches
  12 goblins
  10 hobgoblins
  3 jackals (D:3)
  2 quokkas
  10 ball pythons
  2 bats
  3 frilled lizards
  20 kobolds
  4 rats
409 creatures vanquished.

Vanquished Creatures (collateral kills)
  2 wraiths
  A vampire mosquito (D:12)
  A water moccasin (Lair:1)
4 creatures vanquished.

Vanquished Creatures (others)
  4 fungi
  13 plants
17 creatures vanquished.

Grand Total: 430 creatures vanquished

Notes
Turn   | Place    | Note
-------+----------+-------------------------------------------
     0 | D:1      | Flugslaktarn the Human Venom Mage began the quest for the
                  | Orb.
     0 | D:1      | Reached XP level 1. HP: 13/13 MP: 3/3
   164 | D:2      | Reached XP level 2. HP: 11/19 MP: 3/5
   167 | D:2      | Learned a level 2 spell: Poisonous Vapours
   329 | D:1      | You fall into a shaft and drop 1 floor!
   329 | D:2      | Noticed Terence
   401 | D:2      | Reached XP level 3. HP: 7/24 MP: 0/6
   464 | D:2      | Found a faded altar of an unknown god.
   470 | D:2      | Prayed at the altar of an unknown god.
   470 | D:2      | Became a worshipper of Sif Muna the Loreminder
   470 | D:2      | Reached * piety under Sif Muna
   525 | D:2      | Noticed Robin
   606 | D:2      | Killed Robin
   658 | D:2      | Learned a level 3 spell: Mephitic Cloud
   728 | D:3      | Reached XP level 4. HP: 28/30 MP: 4/8
   784 | D:3      | Found a shimmering altar of Xom.
   803 | D:3      | Reached skill level 1 in Air Magic
   866 | D:3      | Found a glowing drain.
   921 | Sewer    | Entered a sewer
   956 | Sewer    | Noticed Pargi
   976 | Sewer    | Killed Pargi
   976 | Sewer    | Reached ** piety under Sif Muna
   977 | Sewer    | Reached skill level 1 in Conjurations
   977 | Sewer    | Reached XP level 5. HP: 29/35 MP: 6/9
  1179 | D:4      | Reached XP level 6. HP: 41/41 MP: 8/10
  1397 | D:5      | Entered Level 5 of the Dungeon
  1554 | D:4      | Identified the +5 spear "Ehinayth" {freeze, rC++ rN++
                  | Stlth+}
  1583 | D:5      | Found a blossoming altar of Fedhas.
  1596 | D:5      | Found a hide-covered altar of Uskayaw.
  1596 | D:5      | Noticed a sky beast
  1610 | D:5      | Reached XP level 7. HP: 35/46 MP: 5/11
  1645 | D:5      | Found an iron altar of Okawaru.
  1754 | D:5      | Reached skill level 1 in Fighting
  1754 | D:5      | Reached skill level 1 in Polearms
  1785 | D:5      | Found a transporter.
  1836 | D:4      | Found an opulent altar of Gozag.
  1836 | D:4      | Found a glowing silver altar of Zin.
  1978 | D:5      | Noticed sanka's ghost (novice GnMo)
  1995 | D:5      | Found a transporter.
  2018 | D:5      | Reached *** piety under Sif Muna
  2056 | D:5      | Noticed a water moccasin
  2059 | D:5      | Noticed a water moccasin
  2060 | D:5      | Noticed a water moccasin
  2061 | D:5      | Found a runed translucent door.
  2061 | D:5      | Found a runed translucent gate.
  2064 | D:5      | Found a runed translucent gate.
  2071 | D:5      | Found a runed translucent gate.
  2073 | D:5      | Noticed a redback
  2079 | D:5      | Found a runed translucent door.
  2089 | D:5      | Found the +9 staff of Olgreb {rPois∞}
  2188 | D:6      | Reached skill level 5 in Poison Magic
  2211 | D:6      | Learned a level 4 spell: Olgreb's Toxic Radiance
  2230 | D:6      | Found a staircase to the Ecumenical Temple.
  2251 | D:6      | Reached XP level 8. HP: 57/57 MP: 12/12
  2279 | Temple   | Entered the Ecumenical Temple
  2469 | D:7      | Noticed a hornet
  2474 | D:7      | Paralysed by a hornet for 3 turns
  2476 | D:7      | Killed a hornet
  2571 | D:7      | Reached XP level 9. HP: 37/65 MP: 13/13
  2915 | D:7      | Noticed Sigmund
  2927 | D:7      | Killed Sigmund
  2928 | D:7      | Reached skill level 5 in Fighting
  3039 | D:6      | Reached **** piety under Sif Muna
  3090 | D:6      | Found a radiant altar of Vehumet.
  3356 | D:8      | Noticed a hornet
  3361 | D:8      | Killed a hornet
  3411 | D:8      | Noticed Grum
  3417 | D:8      | Reached skill level 5 in Dodging
  3417 | D:8      | Reached XP level 10. HP: 74/77 MP: 10/16
  3420 | D:8      | Killed Grum
  3446 | D:8      | Found a sparkling altar of Nemelex Xobeh.
  3451 | D:8      | Found a white marble altar of Elyvilon.
  3630 | D:9      | Reached skill level 5 in Invocations
  3860 | D:9      | Learned a level 3 spell: Call Canine Familiar
  3880 | D:9      | Found a stormy altar of Qazlal.
  3893 | D:9      | Noticed a deep elf pyromancer
  3903 | D:9      | Killed a deep elf pyromancer
  3904 | D:9      | Reached skill level 5 in Spellcasting
  3956 | D:9      | Noticed a deep elf pyromancer
  3956 | D:9      | Noticed a boulder beetle
  3966 | D:9      | Killed a boulder beetle
  3982 | D:9      | Found a staircase to the Lair.
  4028 | D:8      | Identified a scroll of acquirement
  4110 | D:9      | Killed a deep elf pyromancer
  4111 | D:9      | Reached skill level 1 in Unarmed Combat
  4159 | D:9      | Acquired a Trismegistus Codex
  4165 | D:9      | Learned a level 3 spell: Ignite Poison
  4190 | D:9      | Reached ***** piety under Sif Muna
  4330 | D:10     | Entered Level 10 of the Dungeon
  4360 | D:10     | Reached skill level 1 in Fire Magic
  4360 | D:10     | Reached XP level 11. HP: 84/84 MP: 9/20
  4363 | D:10     | Reached skill level 2 in Unarmed Combat
  4364 | D:10     | Noticed a two-headed ogre
  4461 | D:10     | Found a snail-covered altar of Cheibriados.
  4481 | D:10     | Noticed a two-headed ogre
  4493 | D:10     | Killed a two-headed ogre
  4494 | D:10     | Reached skill level 3 in Unarmed Combat
  4494 | D:10     | Reached skill level 5 in Summonings
  4590 | D:10     | Found a hazy altar of Hepliaklqana.
  4640 | D:10     | Killed a two-headed ogre
  4641 | D:10     | Reached skill level 4 in Unarmed Combat
  4668 | D:11     | Found Darui's Distillery.
  4748 | D:11     | Noticed a centaur warrior
  4900 | Lair:1   | Entered Level 1 of the Lair of Beasts
  4920 | Lair:1   | Reached skill level 5 in Transmutations
  4936 | Lair:1   | Noticed a four-headed hydra
  4948 | Lair:1   | Killed a four-headed hydra
  4949 | Lair:1   | Reached skill level 5 in Unarmed Combat
  5104 | Lair:1   | Noticed a five-headed hydra
  5307 | D:11     | Reached skill level 6 in Unarmed Combat
  5307 | D:11     | Reached XP level 12. HP: 38/91 MP: 21/21
  5347 | D:11     | Noticed a boulder beetle
  5348 | D:11     | Noticed a four-headed hydra
  5349 | D:11     | Noticed a two-headed ogre
  5353 | D:11     | Noticed a centaur warrior
  5361 | D:11     | Killed a centaur warrior
  5417 | D:11     | Noticed a two-headed ogre
  5422 | D:11     | Killed a two-headed ogre
  5546 | D:11     | Killed a boulder beetle
  5547 | D:11     | Reached skill level 7 in Unarmed Combat
  5593 | D:11     | Killed a four-headed hydra
  5598 | D:11     | Killed a two-headed ogre
  5609 | D:11     | Reached skill level 8 in Unarmed Combat
  5879 | D:12     | Found a staircase to the Orcish Mines.
  5909 | D:12     | Reached skill level 9 in Unarmed Combat
  5928 | Orc:1    | Entered Level 1 of the Orcish Mines
  5952 | Orc:1    | Received a gift from Sif Muna
  5953 | Orc:1    | Got Sif Muna's Reference Book on Frigorific Necromancy {god
                  | gift}
  5962 | Orc:1    | Learned a level 5 spell: Blade Hands
  6032 | Orc:2    | Entered Level 2 of the Orcish Mines
  6032 | Orc:2    | Noticed Donald
  6118 | Orc:2    | Noticed an orc high priest
  6118 | Orc:2    | Found Irchei's Assorted Antiques.
  6122 | Orc:2    | Killed an orc high priest
  6128 | Orc:1    | Reached skill level 10 in Unarmed Combat
  6130 | Orc:2    | Noticed a sun demon
  6263 | Orc:2    | Reached XP level 13. HP: 83/96 MP: 5/22
  6266 | Orc:2    | Found Jateer's Assorted Antiques.
  6268 | Orc:2    | Found Gioduvu's Magic Scroll Shop.
  6330 | Orc:2    | Killed Donald
  6376 | Orc:2    | Found a staircase to the Elven Halls.
  6477 | Orc:2    | Found Lelir's Distillery.
  6481 | Orc:2    | Bought a potion of lignification for 51 gold pieces
  6481 | Orc:2    | Bought a potion of invisibility for 136 gold pieces
  6514 | Orc:2    | Found Fycete's Jewellery Shoppe.
  6607 | Orc:2    | Paralysed by an orc sorcerer for 4 turns
  6661 | Orc:2    | Found Plog's Antique Weapon Boutique.
  6666 | Orc:2    | Found Emuiz's Distillery.
  6675 | Orc:2    | Found Geodup's General Store.
  6682 | Orc:2    | Found Waesobir's Magic Scroll Boutique.
  6691 | Orc:2    | Bought a scroll of fear for 42 gold pieces
  6691 | Orc:2    | Bought a scroll of blinking for 90 gold pieces
  6691 | Orc:2    | Bought a scroll of teleportation for 36 gold pieces
  6704 | Orc:2    | Bought a potion of mutation for 112 gold pieces
  6704 | Orc:2    | Bought a potion of cancellation for 112 gold pieces
  6704 | Orc:2    | Bought a potion of heal wounds for 70 gold pieces
  6704 | Orc:2    | Bought a potion of haste for 140 gold pieces
  6887 | Lair:1   | Received a gift from Sif Muna
  6888 | Lair:1   | Got Orahatiq's Compendium of the Unstable Frostbite {god
                  | gift}
  6909 | Lair:1   | Killed a six-headed hydra
  7029 | Lair:1   | Reached skill level 10 in Fighting
  7186 | Lair:3   | Noticed a catoblepas
  7205 | Lair:3   | Killed a catoblepas
  7251 | Lair:3   | Noticed an eight-headed hydra
  7257 | Lair:3   | Killed a ten-headed hydra
  7349 | Lair:4   | Noticed a catoblepas
  7363 | Lair:4   | Killed a catoblepas
  7364 | Lair:4   | Reached skill level 10 in Dodging
  7364 | Lair:4   | Reached XP level 14. HP: 111/111 MP: 16/23
  7409 | Lair:4   | Noticed Sonja
  7413 | Lair:4   | Killed Sonja
  7649 | Lair:3   | Noticed Amaemon
  7657 | Lair:3   | Killed Amaemon
  7834 | Lair:4   | Found a staircase to the Shoals.
  7858 | Shoals:1 | Entered Level 1 of the Shoals
  7974 | Shoals:1 | Reached skill level 11 in Unarmed Combat
  8099 | Shoals:1 | Found a runed translucent gate.
  8099 | Shoals:1 | Found a runed translucent gate.
  8100 | Shoals:1 | Found a runed translucent gate.
  8100 | Shoals:1 | Noticed Dacluamp's ghost (adept DsCj)
  8140 | Shoals:2 | You fall into a shaft and drop 1 floor!
  8159 | Shoals:3 | Received a gift from Sif Muna
  8161 | Shoals:3 | Got Royr's Papyrus of Creative Transmutation {god gift}
  8164 | Shoals:3 | Reached skill level 12 in Unarmed Combat
  8180 | Shoals:3 | Noticed Mlioglotl
  8189 | Shoals:3 | Noticed a starcursed mass
  8191 | Shoals:3 | Noticed a tentacled starspawn
  8191 | Shoals:3 | Noticed a starcursed mass
  8194 | Shoals:3 | Noticed a lich
  8221 | Shoals:3 | Demolished by an alligator snapping turtle

Illustrated notes

Levels and vault maps discovered:
D:1:      psy_arrival_radial01, layout_loops_cross, minmay_curled_crystal
D:2:      kennysheep_the_goblin_king, layout_basic,
          chequers_ecumenical_altar_simple_redux, uniq_natasha, uniq_terence,
          uniq_robin
D:3:      layout_loops_ring, overflow_temple_1_default,
          cheibrodos_sewer_entry_sluice
D:4:      layout_rooms, grunt_temple_overflow_gold_and_silver
D:5:      layout_rooms, jmf_multi_god_temple, kennysheep_okawaru_gauntlet,
          gammafunk_ghost_arena, minmay_guarded_unrand_staff_of_olgreb
D:6:      layout_rooms, mainiacjoe_overflow_catwalk,
          minmay_temple_entry_overgrown, minmay_misc_feat_square,
          kennysheep_another_room, lightli_minifort
D:7:      layout_loops_ring, st_stairs_3, sigmund_army
D:8:      layout_basic, grunt_temple_overflow_open, uniq_grum
D:9:      layout_grid_maze, mainiacjoe_overflow_boulevard, lair_entry_dummy,
          small_statue_alley_b
D:10:     layout_basic, nicolae_hepliaklqana_monster_ancestors,
          lemuel_tele_altar
D:11:     kennysheep_ambush_hall, layout_basic, serial_shops,
          nicolae_stop_n_shop_1, corner_web_ring
D:12:     dreamdust_wu_jian_sword_trials, layout_irregular_city, david_orc_3
Temple:   dpeg_chambers_temple
Lair:1:   layout_misc_corridors, st_stairs_13, kennysheep_rathole,
          grunt_megastairs_4
Lair:2:   layout_cave_pods, nicolae_spider_entry_orb_guardian, evilmike_ambush
          [evilmike_ambush_outer_basic, evilmike_ambush_inner_wall_2],
          infiniplex_staircase_pool
Lair:3:   layout_concentric_octagons, grunt_megastairs_1, uniq_amaemon
Lair:4:   layout_misc_corridors, minmay_shoals_entry_beasts, uniq_sonja
Lair:5:   layout_regular_city, minmay_slime_entry_oklob_enclosed,
          nicolae_lair_liquid_snakes
Shoals:1: layout_shoals, gammafunk_ghost_split
Shoals:2: layout_shoals
Shoals:3: layout_shoals, uniq_jorgrun, uniq_mlioglotl
Orc:1:    layout_caves, mines2_david, uniq_snorg
Orc:2:    st_orc_elflike, layout_caves, serial_shops, shop, shop,
          nicolae_shop_overgrown_old_shop, shop, shop_scrolls, uniq_donald

Skill      XL: |  1  2  3  4  5  6  7  8  9 10 11 12 13 14 |
---------------+-------------------------------------------+-----
Transmutations | 2 6 8 |  8.0
Air Magic      | 2 |  2.0
Conjurations   | 1 |  1.0
Invocations    | 2 3 4 6 |  6.0
Spellcasting   | 3 4 6 8 |  8.0
Poison Magic   | 4 5 7 |  7.0
Fighting       | 2 3 6 7 10 11 | 11.0
Polearms       | 2 3 4 |  4.0
Dodging        | 5 6 10 11 | 11.0
Summonings     | 4 5 |  5.8
Unarmed Combat | 1 6 10 12 | 12.2
Fire Magic     | 1 |  1.0
Stealth        | |  2.0

Action                   |  1- 3 |  4- 6 |  7- 9 | 10-12 | 13-15 || total
-------------------------+-------+-------+-------+-------+-------++-------
Melee: Unarmed           |     4 |       |       |     6 |    80 ||    90
       Spear             |       |     1 |    84 |   195 |       ||   280
       Punch             |       |       |       |     9 |     9 ||    18
       Staff             |       |       |       |     3 |    24 ||    27
 Fire: Hunting sling     |    31 |    52 |    13 |       |       ||    96
Throw: Dart              |       |       |       |     1 |       ||     1
 Cast: Sting             |    38 |    55 |    41 |    13 |       ||   147
       Poisonous Vapours |       |    15 |    36 |    43 |    70 ||   164
       Mephitic Cloud    |       |     2 |     7 |    20 |    10 ||    39
       Olgreb's Toxic Ra |       |       |    21 |    67 |    46 ||   134
       Ignite Poison     |       |       |       |    35 |    68 ||   103
       Call Canine Famil |       |       |       |    13 |     1 ||    14
       Blade Hands       |       |       |       |     2 |    16 ||    18
Invok: Channel Magic     |       |       |       |       |     3 ||     3
 Abil: End Transformatio |       |       |       |       |     2 ||     2
Evoke: Wand              |       |       |       |     1 |     1 ||     2
  Use: Scroll            |     2 |     6 |     5 |    11 |    12 ||    36
       Potion            |     1 |       |     1 |     6 |     4 ||    12
 Stab: Sleeping          |       |       |     1 |       |       ||     1
       Confused          |       |       |     1 |     3 |     3 ||     7
Armor: Robe              |    12 |    13 |    20 |    61 |       ||   106
       Troll leather arm |       |       |       |    26 |    57 ||    83
Dodge: Dodged            |    22 |    37 |    66 |   145 |   125 ||   395

Table legend: (Time is in decaauts)
 A = Elapsed time spent in this place.
 B = Non-inter-level travel time spent in this place.
 C = Inter-level travel time spent in this place.
 D = Time resting spent in this place.
 E = Time spent auto-exploring this place.
 F = Levels seen in this place.
 G = Mean time per level.
                   A        B        C        D        E       F      G
               +--------+--------+--------+--------+--------+-----+--------+
         Total |   8381 |   7452 |    929 |      0 |      0 |  24 |  349.2 |
       Dungeon |   5970 |   5221 |    749 |      0 |      0 |  12 |  497.5 |
        Temple |      1 |      1 |      0 |      0 |      0 |   1 |    1.0 |
          Lair |   1068 |    943 |    125 |      0 |      0 |   5 |  213.6 |
        Shoals |    417 |    417 |      0 |      0 |      0 |   3 |  139.0 |
  Orcish Mines |    823 |    768 |     55 |      0 |      0 |   2 |  411.5 |
         Sewer |    100 |    100 |      0 |      0 |      0 |   1 |  100.0 |
               +--------+--------+--------+--------+--------+-----+--------+

Top non-repeatable levels by time:
     D:9: 953 daAuts
    D:11: 791 daAuts
     D:7: 665 daAuts
     D:2: 500 daAuts
   Orc:2: 492 daAuts
  Lair:3: 470 daAuts
     D:4: 467 daAuts
     D:5: 461 daAuts
     D:6: 460 daAuts
    D:10: 447 daAuts
     D:3: 441 daAuts
     D:8: 369 daAuts
   Orc:1: 331 daAuts
Shoals:1: 312 daAuts
  Lair:1: 274 daAuts
